 Dungeon Crawl Stone Soup version 0.26.0-10-g1f06aea511 (webtiles) character file.

Game seed: 3280763193315004427

80 funkygono the Cudgeller (level 4, 0/34 HPs)
             Began as a Demonspawn Gladiator on Jan 15, 2021.
             Killed by divine providence
             ... invoked by an orc priest
              (16 damage)
             ... on level 3 of the Dungeon.
             The game lasted 00:04:42 (2219 turns).

funkygono the Cudgeller (Demonspawn Gladiator)      Turns: 2219, Time: 00:04:43

Health: 0/34       AC:  9    Str: 27    XL:     4   Next: 18%
Magic:  4/4        EV: 10    Int: 10    God:
Gold:   137        SH:  0    Dex: 14    Spells: 3/3 levels left

rFire    . . .     SeeInvis .   t - +1 whip
rCold    . . .     Faith    .   (no shield)
rNeg     . . .     Spirit   .   h - +0 chain mail
rPois    .         Reflect  .   c - +0 helmet
rElec    .         Harm     .   (no cloak)
rCorr    .         Rampage  .   (no gloves)
Will     .....                  (no boots)
Stlth    ..........             (no amulet)
HPRegen  0.11/turn              e - +6 ring of strength
MPRegen  0.09/turn              u - +6 ring of strength

@: lethally poisoned (0 -> -1)
A: demonic guardian 1
a: no special abilities


You were on level 3 of the Dungeon.
You visited 1 branch of the dungeon, and saw 3 of its levels.

You collected 137 gold pieces.

Inventory:

Hand Weapons
 a - a +0 flail
 t - a +1 whip (weapon)
Missiles
 d - 3 throwing nets (quivered)
 f - 79 stones
 l - 8 boomerangs
 p - 13 arrows
 r - 23 sling bullets
Armour
 b - a +0 leather armour
 c - a +0 helmet (worn)
 h - a +0 chain mail (worn)
 j - a +0 buckler
Jewellery
 e - a +6 ring of strength (left hand)
 g - an uncursed ring of ice
 u - a +6 ring of strength (right hand)
Scrolls
 q - 7 scrolls of remove curse
 s - 2 scrolls of magic mapping
Potions
 i - a potion of berserk rage {unknown}
 k - 3 potions of curing {unknown}
 o - a potion of haste {unknown}


   Skills:
 + Level 2.4 Fighting
 + Level 3.5 Maces & Flails
 + Level 1.8 Throwing
 + Level 0.9 Armour
 + Level 3.4 Dodging
 + Level 0.3 Stealth


You had 3 spell levels left.
You didn't know any spells.
Your spell library was empty.

Dungeon Overview and Level Annotations

Branches:
Dungeon (3/15)

Altars:
Dithmenos
Elyvilon
Uskayaw
Yredelemnul


Innate Abilities, Weirdness & Mutations

A weak demonic guardian rushes to your aid.


Message History

The adder is almost dead.
The adder closely misses you.
The orc priest casts a cantrip, but nothing happens.
You hit the adder.
You kill the adder!
You feel sick.
A magic dart appears from out of thin air!
The magic dart hits you but does no damage.
The orc priest invokes the aid of Beogh against you.
Beogh smites you!
You swap places.
Your iron imp closely misses the orc.
The orc hits your iron imp with a +2 flail of draining.
Your iron imp hits the orc!
The orc dies!
You feel sick.
Your iron imp closely misses something.
Something hits your iron imp.
Your iron imp closely misses something.
Something hits your iron imp.
The orc priest calls down the wrath of Beogh upon you.
Beogh smites you!
You die...

.............
..........(
.........
....... .....
.o. #. #)#
... #5# ....
#@# ...# ###
##.##...# ..
##..
#.....#.# ..
#...
#..####.#
#.###... #..#
#.# #.......
#..# #.#
###.###.#
#..# #.#
#....##..
####.>#
#.###.##.....
#.....#
#)##..##...##


You could see an orc priest and a friendly iron imp (summoned).

Vanquished Creatures
  3 adders
  An ooze (D:2)
  A dart slug (D:1)
  A leopard gecko (D:1)
  An orc (D:3)
  5 giant cockroaches
  8 hobgoblins
  5 bats
  2 frilled lizards (D:1)
  5 goblins
  7 kobolds
  4 rats
43 creatures vanquished.

Vanquished Creatures (collateral kills)
  An orc (D:3)
1 creature vanquished.

Grand Total: 44 creatures vanquished

Notes
Turn   | Place    | Note
-------+----------+-------------------------------------------
     0 | D:1      | funkygono the Demonspawn Gladiator began the quest for the
                  | Orb.
     0 | D:1      | Reached XP level 1. HP: 16/16 MP: 1/1
   211 | D:1      | Gained mutation: A weak demonic guardian rushes to your
                  | aid. [demonic ancestry]
   211 | D:1      | Reached XP level 2. HP: 22/22 MP: 2/2
  1007 | D:2      | Reached XP level 3. HP: 25/27 MP: 3/3
  2015 | D:2      | Found a hide-covered altar of Uskayaw.
  2015 | D:2      | Found a white marble altar of Elyvilon.
  2021 | D:2      | Found a basalt altar of Yredelemnul.
  2026 | D:2      | Found a shadowy altar of Dithmenos.
  2028 | D:2      | Found a faded altar of an unknown god.
  2143 | D:3      | Reached XP level 4. HP: 34/34 MP: 4/4
  2219 | D:3      | Killed from afar by an orc priest

Illustrated notes

Levels and vault maps discovered:
D:1:      elethiomel_arrival_quiet, layout_basic
D:2:      layout_basic, chequers_temple_overflow_minitemple, minmay_pentomino_w2
D:3:      layout_rooms, hex_intersection

Skill      XL: |  1  2 |
---------------+-------+-----
Dodging        | 3 |  3.4
Maces & Flails | 3 |  3.5
Fighting       | |  2.4
Throwing       | |  1.8
Armour         | |  0.9
Stealth        | |  0.3

Action                   |  1- 3 |  4- 6 || total
-------------------------+-------+-------++-------
Melee: Flail             |   109 |       ||   109
       Whip              |    19 |    17 ||    36
  Use: Scroll            |     6 |       ||     6
 Stab: Sleeping          |     1 |       ||     1
Armor: Leather armour    |    33 |       ||    33
       Chain mail        |     2 |     9 ||    11
Dodge: Dodged            |    99 |     8 ||   107
